 Dungeon Crawl Stone Soup version 0.26-a0-652-gafc20e3620 (webtiles) character file.

Game seed: 10851451057225028571

22534 mobtown the Artisan of Death (level 12, -3/67 HPs)
             Began as a Deep Elf Necromancer on Oct 4, 2020.
             Was a Priest of Kikubaaqudgha.
             Slain by an anaconda (4 damage)
             ... on level 1 of the Snake Pit.
             The game lasted 01:29:32 (16790 turns).

mobtown the Artisan of Death (DENe)                Turns: 16790, Time: 01:29:43

Health: -3/67      AC: 14    Str:  5    XL:     12   Next: 63%
Magic:  0/38       EV: 15    Int: 26    God:    Kikubaaqudgha [***...]
Gold:   665        SH:  0    Dex: 17    Spells: 15/34 levels left

rFire    . . .     SeeInvis .   n - +6 flail "Potriumn" {elec, rC+ rN+ Dex-4 Stlth+}
rCold    + . .     Faith    .   (no shield)
rNeg     + . .     Spirit   +   X - +4 steam dragon scales
rPois    .         Reflect  .   z - +0 helmet
rElec    .         Harm     .   o - +1 cloak
rCorr    .         Rampage  .   G - +0 pair of gloves
MR       +....                  Y - +0 pair of boots
Stlth    ++++......             i - amulet of guardian spirit
HPRegen  0.21/turn              x - ring of magical power
MPRegen  0.26/turn              V - +6 ring of dexterity

@: mighty, lethally poisoned (-3 -> -4), death channel, silence, very slightly
contaminated, constricted, invisible
A: no striking features
a: Renounce Religion


You were on level 1 of the Snake Pit.
You worshipped Kikubaaqudgha.
Kikubaaqudgha was most pleased with you.
You visited 4 branches of the dungeon, and saw 13 of its levels.
You also visited: Ossuary.

You collected 925 gold pieces.
You spent 260 gold pieces at shops.

Inventory:

Hand Weapons
 n - the +6 flail "Potriumn" (weapon) {elec, rC+ rN+ Dex-4 Stlth+}
   (You found it on level 4 of the Dungeon)

   Occasionally, upon striking a foe, it will discharge some electrical energy
   and cause terrible harm.
   It affects your dexterity (-4).
   It protects you from cold.
   It protects you from negative energy.
   It makes you more stealthy.
 E - a +0 quarterstaff of speed
 R - a +1 dagger of distortion
Missiles
 l - 168 arrows
 m - 393 stones (quivered)
Armour
 o - a +1 cloak (worn)
 z - a +0 helmet (worn)
 G - a +0 pair of gloves (worn)
 X - +4 steam dragon scales (worn)
 Y - a +0 pair of boots (worn)
Magical Staves
 D - an uncursed staff of earth
Jewellery
 d - an uncursed ring of ice
 g - an uncursed ring of stealth {unknown}
 i - an amulet of guardian spirit (around neck)
 x - a ring of magical power (left hand)
 C - a +4 ring of protection
 K - an uncursed ring of protection from magic
 M - an uncursed ring of protection from cold
 S - an uncursed ring of see invisible
 V - a +6 ring of dexterity (right hand)
Wands
 s - a wand of acid (5)
 u - a wand of polymorph (6)
 P - a wand of random effects (20)
Scrolls
 c - 2 scrolls of enchant weapon
 j - 2 scrolls of immolation
 k - 2 scrolls of fog
 y - 4 scrolls of amnesia
 A - 10 scrolls of remove curse
 F - 3 scrolls of random uselessness
 I - a scroll of blinking {unknown}
 Q - a scroll of magic mapping
 W - a scroll of vulnerability {unknown}
Potions
 a - a potion of berserk rage {unknown}
 e - a potion of curing
 h - 3 potions of flight
 p - a potion of haste
 q - 2 potions of brilliance
 r - a potion of cancellation
 v - a potion of lignification {unknown}
 J - a potion of resistance {unknown}
 L - 3 potions of stabbing
 N - 2 potions of ambrosia {unknown}


   Skills:
 + Level 4.5 Fighting
 + Level 8.0 Maces & Flails
 + Level 1.5(6.7) Staves
 + Level 7.9 Dodging
 + Level 7.2 Stealth
 + Level 11.9 Spellcasting
 * Level 15.1 Necromancy
 + Level 2.7 Evocations


You had 15 spell levels left.
You knew the following spells:

 Your Spells              Type           Power        Failure   Level
a - Pain                  Necr           ####         0%          1
b - Vampiric Draining     Necr           #######...   1%          3
c - Animate Skeleton      Necr           ######       0%          1
d - Animate Dead          Necr           #######...   1%          4
e - Death Channel         Necr           #######...   1%          6
f - Dispel Undead         Necr           #######.     1%          4

Your spell library contained the following spells:

 Spells                   Type           Power        Failure   Level
 Sublimation of Blood     Necr           #######...   0%          2
 Agony                    Necr           #######.     1%          5
 Excruciating Wounds      Necr           #######...   1%          5
 Beastly Appendage        Tmut           ###...       3%          1
 Wereblood                Tmut           ###.....     6%          2
 Spider Form              Tmut/Pois      ###.......   12%         3
 Simulacrum               Ice/Necr       ######....   26%         6
 Ice Form                 Ice/Tmut       ###.....     36%         4
 Blade Hands              Tmut           ###.......   71%         5


Dungeon Overview and Level Annotations

Branches:
Dungeon (8/15)             Temple (1/1) D:6            Lair (3/6) D:8
  Snake (1/4) Lair:3      Ossuary (visited)
  Swamp: Lair:2-4    Shoals: Lair:2-4

Altars:
Dithmenos
Elyvilon
Kikubaaqudgha
Okawaru
Qazlal
Sif Muna
Trog
Uskayaw
Vehumet
Xom
Zin

Shops:
D:6 =   D:7 !


Message History

* * * LOW HITPOINT WARNING * * *
The anaconda constricts you. The black mamba closely misses you.
The anaconda closely misses you.
* * * LOW HITPOINT WARNING * * *
The anaconda constricts you. The black mamba closely misses you.
Okay, then.
You feel better.
The anaconda bites you but does no damage.
The anaconda constricts you. The black mamba barely misses you.
The anaconda barely misses you. The anaconda constricts you.
The black mamba barely misses you.
You feel very mighty all of a sudden.
* * * LOW HITPOINT WARNING * * *
You are poisoned.
The anaconda completely misses you. The anaconda constricts you.
The black mamba bites you but does no damage.
The anaconda bites you!
* * * LOW HITPOINT WARNING * * *
You die...
Kikubaaqudgha rasps: "You have failed me!
Welcome... death!"

..."........#
#.......S....
#............
#.SN..SSN..
##.SNS.SN.#
..... #..
#..N.# ....
##.. ##N#. ....
..##...##S##.##
... .......#@##
#.# ...
#..S#####.# #.#
##......#.##
#.#
#.####....##
####.# ##
####..####...#.
###....####.
#.#### #. #.#
## ###


You could see a naga warrior (wandering), 2 anacondas, 2 naga ritualists, 4
black mambas and a naga.

Vanquished Creatures
  Fannar (Lair:3)
  A hydra (Lair:2)
  A two-headed ogre (D:8)
  Nergalle (Lair:2)
  Pikel (D:5)
  3 elephants (Lair:2)
  5 black mambas
  Psyche (D:8)
  A naga mage (Snake:1)
  5 cane toads
  A kobold demonologist (D:8)
  10 rime drakes
  2 komodo dragons
  3 blink frogs (Lair:1)
  Grinder (D:3)
  2 hippogriffs
  Sigmund (D:3)
  13 steam dragons (Lair:2)
  A basilisk (Lair:3)
  Grum (D:8)
  2 nagas (Snake:1)
  Menkaure (D:5)
  An acid dragon (Lair:2)
  10 water moccasins
  3 porcupines
  2 ice beasts
  An orc warrior (D:6)
  A sky beast (D:6)
  A black bear (D:7)
  2 ogres (D:4)
  2 phantoms
  9 wolves
  3 centaurs (D:7)
  4 big kobolds
  8 crocodiles
  7 bullfrogs
  3 elf zombies (Ossuary)
  A scorpion (D:8)
  5 electric eels (Lair:3)
  2 howler monkeys
  5 centaur zombies
  A jelly (D:8)
  2 hounds
  5 human zombies (Ossuary)
  2 bullfrog skeletons
  A centaur skeleton (D:4)
  3 iguanas
  Natasha (thrice) (D:3)
  2 worker ants
  5 orc wizards
  3 mummies (Ossuary)
  8 gnolls
  10 adders
  A howler monkey skeleton (D:4)
  2 shadow imps
  2 oozes
  An adder skeleton (D:4)
  An adder zombie (D:8)
  A dart slug (D:2)
  7 leopard geckos
  21 orcs
  2 giant cockroaches
  9 goblins
  4 hobgoblins
  4 jackals (D:7)
  22 kobolds
  4 quokkas
  2 ball pythons (Lair:3)
  5 bats
  3 frilled lizards (D:2)
  2 leopard gecko skeletons (D:4)
  5 rats
271 creatures vanquished.

Vanquished Creatures (collateral kills)
  A shock serpent (Snake:1)
  A naga sharpshooter (Snake:1)
  2 salamanders (Snake:1)
  2 black mambas (Snake:1)
  2 nagas (Snake:1)
8 creatures vanquished.

Vanquished Creatures (others)
  A steam dragon (Lair:2)
  31 fungi
  55 plants
  4 toadstools (D:2)
91 creatures vanquished.

Grand Total: 370 creatures vanquished

Notes
Turn   | Place    | Note
-------+----------+-------------------------------------------
     0 | D:1      | mobtown the Deep Elf Necromancer began the quest for the
                  | Orb.
     0 | D:1      | Reached XP level 1. HP: 10/10 MP: 6/6
   108 | D:1      | Reached skill level 5 in Necromancy
   519 | D:1      | Reached XP level 2. HP: 15/15 MP: 6/8
  1519 | D:2      | Reached XP level 3. HP: 14/19 MP: 3/10
  1524 | D:2      | Learned a level 3 spell: Vampiric Draining
  1526 | D:2      | Learned a level 1 spell: Animate Skeleton
  1787 | D:3      | Noticed Sigmund
  1900 | D:3      | Killed Sigmund
  1900 | D:3      | Reached skill level 5 in Spellcasting
  1900 | D:3      | Reached skill level 6 in Necromancy
  1900 | D:3      | Reached XP level 4. HP: 24/24 MP: 4/13
  1900 | D:3      | Reached XP level 5. HP: 28/28 MP: 4/14
  2006 | D:3      | Reached skill level 7 in Necromancy
  2091 | D:3      | Noticed Natasha
  2098 | D:3      | Killed Natasha
  2157 | D:3      | Reached XP level 6. HP: 32/32 MP: 13/15
  2254 | D:3      | Noticed Natasha
  2258 | D:3      | Killed Natasha
  2304 | D:3      | Noticed Grinder
  2576 | D:3      | Paralysed by Grinder for 7 turns
  2584 | D:3      | Killed Grinder
  2584 | D:3      | Reached skill level 8 in Necromancy
  2678 | D:3      | Noticed Natasha
  2684 | D:3      | Killed Natasha
  2842 | D:3      | Reached XP level 7. HP: 33/36 MP: 12/18
  3476 | D:4      | Got an iridescent flail
  3635 | D:4      | Reached skill level 9 in Necromancy
  3724 | D:4      | Reached skill level 1 in Staves
  3917 | D:4      | Identified the +6 flail "Potriumn" {elec, rC+ rN+ Dex-4
                  | Stlth+} (You found it on level 4 of the Dungeon)
  3934 | D:4      | Reached skill level 1 in Evocations
  3997 | D:4      | Found an iron altar of Okawaru.
  4301 | D:4      | Reached XP level 8. HP: 39/42 MP: 17/20
  4584 | D:5      | Entered Level 5 of the Dungeon
  4751 | D:5      | Noticed Menkaure
  4758 | D:5      | Killed Menkaure
  4758 | D:5      | Reached skill level 10 in Necromancy
  4846 | D:5      | Reached skill level 1 in Maces & Flails
  4913 | D:5      | Noticed Pikel
  4923 | D:5      | Killed Pikel
  4923 | D:5      | Reached skill level 1 in Fighting
  5047 | D:5      | Found a sand-covered staircase.
  5051 | Ossuary  | Entered an ossuary
  5323 | Ossuary  | Reached XP level 9. HP: 37/47 MP: 17/23
  5884 | D:6      | Found Iwoecop's Jewellery Shoppe.
  6012 | D:6      | Found a staircase to the Ecumenical Temple.
  6017 | Temple   | Entered the Ecumenical Temple
  6036 | Temple   | Became a worshipper of Kikubaaqudgha
  6108 | D:6      | Found a shadowy altar of Dithmenos.
  6116 | D:6      | Found a radiant altar of Vehumet.
  6360 | D:6      | Bought an uncursed ring of magical power for 260 gold
                  | pieces
  6457 | D:6      | Reached skill level 11 in Necromancy
  6687 | D:6      | Found a shimmering blue altar of Sif Muna.
  7077 | D:7      | Reached skill level 5 in Stealth
  7142 | D:7      | Found a white marble altar of Elyvilon.
  7262 | D:7      | Found a bloodstained altar of Trog.
  7346 | D:7      | Found Jexkuxt's Distillery.
  7521 | D:8      | Found a staircase to the Lair.
  7539 | D:8      | Reached * piety under Kikubaaqudgha
  7539 | D:8      | Identified Kikubaaqudgha's Incunabulum of Evil Arts
                  | (Kikubaaqudgha gifted it to you on level 8 of the Dungeon)
  7539 | D:8      | Received a gift from Kikubaaqudgha
  7566 | D:8      | Learned a level 4 spell: Animate Dead
  7603 | D:8      | Noticed Psyche
  7614 | D:8      | Killed Psyche
  7841 | D:8      | Noticed Grum
  7854 | D:8      | Killed Grum
  7854 | D:8      | Reached skill level 5 in Maces & Flails
  7861 | D:8      | Reached XP level 10. HP: 38/54 MP: 6/24
  8270 | D:8      | Found a shimmering altar of Xom.
  8272 | D:8      | Found a hide-covered altar of Uskayaw.
  8525 | D:8      | Reached ** piety under Kikubaaqudgha
  8560 | D:8      | Found a glowing silver altar of Zin.
  8931 | D:8      | Noticed a two-headed ogre
  8941 | D:8      | Killed a two-headed ogre
  9064 | Lair:1   | Entered Level 1 of the Lair of Beasts
  9064 | Lair:1   | Noticed a cane toad
  9071 | Lair:1   | Killed a cane toad
  9071 | Lair:1   | Reached skill level 12 in Necromancy
  9129 | Lair:1   | Reached skill level 5 in Dodging
  9627 | Lair:1   | Noticed a black mamba
  9638 | Lair:1   | Killed a black mamba
 10345 | Lair:1   | Noticed a cane toad
 10354 | Lair:1   | Killed a cane toad
 10536 | Lair:1   | Got a warped ring mail
 10608 | Lair:1   | You fall into a shaft and drop 1 floor!
 10624 | Lair:2   | Noticed an elephant
 10624 | Lair:2   | Noticed an elephant
 10624 | Lair:2   | Noticed an elephant
 10629 | Lair:2   | Noticed Nergalle
 10629 | Lair:2   | Noticed a six-headed hydra
 11022 | Lair:2   | Noticed a cane toad
 11031 | Lair:2   | Killed a cane toad
 11031 | Lair:2   | Reached XP level 11. HP: 51/60 MP: 13/26
 11236 | Lair:2   | Reached skill level 10 in Spellcasting
 11236 | Lair:2   | Reached skill level 13 in Necromancy
 11946 | Lair:2   | Killed a six-headed hydra
 13062 | Lair:2   | Reached skill level 14 in Necromancy
 13218 | Lair:2   | Reached *** piety under Kikubaaqudgha
 13218 | Lair:2   | Identified Kikubaaqudgha's Grimoire of Necromancy
                  | (Kikubaaqudgha gifted it to you on level 2 of the Lair of
                  | Beasts)
 13218 | Lair:2   | Received a gift from Kikubaaqudgha
 13229 | Lair:2   | Killed Nergalle
 13628 | Lair:2   | Reached XP level 12. HP: 64/66 MP: 29/29
 13636 | Lair:2   | Learned a level 6 spell: Death Channel
 13641 | Lair:2   | Learned a level 4 spell: Dispel Undead
 14646 | Lair:3   | Identified the cursed +1 ring mail "Seseivi" {*Corrode
                  | Int+4 SInv} (You found it on level 1 of the Lair of Beasts)
 14990 | Lair:3   | Found a staircase to the Snake Pit.
 15441 | Lair:3   | Noticed Fannar
 15480 | Lair:3   | Killed Fannar
 15811 | Snake:1  | Entered Level 1 of the Snake Pit
 15851 | Snake:1  | Reached skill level 15 in Necromancy
 16414 | Snake:1  | Noticed a naga warrior
 16767 | Snake:1  | Noticed an anaconda
 16767 | Snake:1  | Noticed an anaconda
 16790 | Snake:1  | HP: 1/67 [anaconda (10)]
 16790 | Snake:1  | Slain by an anaconda

Illustrated notes

Levels and vault maps discovered:
D:1:      onia_arrival_mini_spirals, layout_basic, serial_forest,
          infiniplex_forest_clump_curved, infiniplex_forest_straight_2,
          infiniplex_forest_clump_tiny, infiniplex_forest_end_1,
          infiniplex_forest_end_1, infiniplex_forest_lined_3
D:2:      layout_loops_ring, minmay_gold_behind_fungi
D:3:      layout_loops_ring, uniq_natasha, uniq_sigmund, uniq_grinder
D:4:      layout_rooms, kennysheep_okawaru_gauntlet, chequers_jeans
D:5:      layout_cave_pools, enter_ossuary_5, uniq_pikel, uniq_menkaure
D:6:      kennysheep_orc_sif_temple, layout_cave_pools, lemuel_crystal_altar,
          kennysheep_little_box, temple_doors_cd, serial_shops,
          nicolae_shop_window_shopping, serial_park_tiny_2
D:7:      layout_cave_pools, lemuel_round_altar, serial_shops, shop,
          hangedman_abyss_or_decor_lesser_grid, trog_hazing_becter
D:8:      layout_loops_ring, zin_treasury, gammafunk_temple_overflow_pools,
          dpeg_oklobed_lair, minmay_unpleasant_kobolds, uniq_psyche, uniq_grum
Temple:   bh_familiar_temple
Lair:1:   layout_long_grid, chequers_serial_rivers_small_b,
          infiniplex_staircase_pool, lemuel_fruit_fields
Lair:2:   layout_misc_corridors, bobbens_dragon_lair_wall, uniq_nergalle
Lair:3:   layout_cave_shapes, minmay_snake_entry_six_corridors, serial_bayou,
          serial_bayou_shore_b, serial_bayou_pond_e, serial_bayou_lake_a,
          serial_bayou_pond_b, lemuel_fruit_fields, uniq_fannar
Snake:1:  layout_chambers

Skill      XL: |  1  2  3  4  5  6  7  8  9 10 11 12 |
---------------+-------------------------------------+-----
Necromancy     | 5 6 7 8 9 10 11 12 14 15 | 15.1
Stealth        | 3 4 5 6 7 |  7.2
Spellcasting   | 5 6 7 8 9 11 | 11.9
Staves         | 1 |  1.5
Dodging        | 3 4 5 6 7 |  7.9
Evocations     | 1 2 |  2.7
Maces & Flails | 2 5 6 7 8 |  8.0
Fighting       | 1 2 3 4 |  4.5

Action                   |  1- 3 |  4- 6 |  7- 9 | 10-12 || total
-------------------------+-------+-------+-------+-------++-------
Melee: Whip              |    12 |     4 |       |       ||    16
       Unarmed           |     1 |       |       |       ||     1
       Quarterstaff      |       |       |    23 |       ||    23
       Flail             |       |       |   264 |   522 ||   786
 Cast: Pain              |    33 |    32 |    48 |     3 ||   116
       Vampiric Draining |     2 |       |    18 |    95 ||   115
       Animate Dead      |       |       |       |     8 ||     8
       Death Channel     |       |       |       |     4 ||     4
Invok: Receive Corpses   |       |       |       |     1 ||     1
Evoke: Wand              |       |     3 |    21 |    18 ||    42
  Use: Scroll            |       |       |    14 |    18 ||    32
       Potion            |       |       |       |    12 ||    12
 Stab: Sleeping          |     1 |     3 |    11 |     8 ||    23
       Distracted        |       |       |       |     1 ||     1
Armor: Robe              |     2 |       |    72 |    66 ||   140
       Steam dragon scal |       |       |       |   132 ||   132
Dodge: Dodged            |    14 |     8 |   236 |   537 ||   795

Table legend: (Time is in decaauts)
 A = Elapsed time spent in this place.
 B = Non-inter-level travel time spent in this place.
 C = Inter-level travel time spent in this place.
 D = Time resting spent in this place.
 E = Time spent auto-exploring this place.
 F = Levels seen in this place.
 G = Mean time per level.
                   A        B        C        D        E       F      G
               +--------+--------+--------+--------+--------+-----+--------+
         Total |  16911 |  16911 |      0 |   5815 |   7161 |  14 | 1207.9 |
       Dungeon |   8461 |   8461 |      0 |   2062 |   4403 |   8 | 1057.6 |
        Temple |     31 |     31 |      0 |      0 |     16 |   1 |   31.0 |
          Lair |   6782 |   6782 |      0 |   2765 |   2485 |   3 | 2260.7 |
     Snake Pit |    977 |    977 |      0 |    584 |    206 |   1 |  977.0 |
       Ossuary |    658 |    658 |      0 |    404 |     51 |   1 |  658.0 |
               +--------+--------+--------+--------+--------+-----+--------+

Top non-repeatable levels by time:
  Lair:2: 2952 daAuts
  Lair:1: 1933 daAuts
  Lair:3: 1896 daAuts
     D:3: 1656 daAuts
     D:8: 1577 daAuts
     D:4: 1129 daAuts
     D:2: 1063 daAuts
     D:6: 1015 daAuts
 Snake:1: 977 daAuts
     D:1: 756 daAuts
 Ossuary: 658 daAuts
     D:5: 637 daAuts
     D:7: 624 daAuts
  Temple: 31 daAuts
